 Dungeon Crawl Stone Soup version 0.29.1-1-gd02db6906a (webtiles) character file.

Game seed: 6434870366185038330

14778 tardwrangler69 the Fighter (level 11, -2/99 HPs)
             Began as a Minotaur Chaos Knight on Sept 28, 2022.
             Was a Plaything of Xom.
             Slain by a seven-headed hydra (4 damage)
             ... while petrified by a basilisk
             ... on level 3 of the Lair of Beasts.
             The game lasted 00:33:20 (10681 turns).

tardwrangler69 the Fighter (Minotaur Chaos Knight) Turns: 10681, Time: 00:33:20

Health: -2/99      AC: 16    Str: 24    XL:     11   Next: 93%
Magic:  10/10      EV:  2    Int:  7    God:    Xom [.....*]
Gold:   1258       SH:  0    Dex: 13    Spells: 10/10 levels left

rFire   . . .      SeeInvis .   m - +1 hand axe (flame)
rCold   + . .      Faith    .   h - +2 buckler
rNeg    + + +      Spirit   .   U - +0 swamp dragon scales
rPois   ∞          Reflect  .   (helmet restricted)
rElec   .          Harm     .   L - +0 cloak
rCorr   .          Rampage  .   W - +1 pair of gloves
Will    .....                   v - +0 pair of boots
Stlth   +.........              F - amulet of regeneration
HPRegen 2.66/turn               G - +4 ring of evasion
MPRegen 0.12/turn               x - ring of protection from cold

@: petrified
A: horns 2, retaliatory headbutt, talons 1, agile 1, frail 1, regeneration 2,
shaggy fur 1, strong 1, wild magic 2, MP-powered wands
a: Renounce Religion


You were on level 3 of the Lair of Beasts.
You worshipped Xom.
You were Xom's teddy bear.
You visited 3 branches of the dungeon, and saw 14 of its levels.

You collected 1711 gold pieces.
You spent 453 gold pieces at shops.

Inventory:

Hand Weapons
 a - a +0 hand axe of chaos
 m - a +1 hand axe of flaming (weapon)
 C - a +8 flail of draining
 E - a +0 war axe
Missiles
 i - 4 javelins
 X - 6 silver javelins
Armour
 h - a +2 buckler (worn)
 v - a +0 pair of boots (worn)
 L - a +0 cloak (worn)
 R - +0 acid dragon scales
 U - +0 swamp dragon scales (worn)
 W - a +1 pair of gloves (worn)
Jewellery
 j - a ring of flight
 n - an amulet of the acrobat
 x - a ring of protection from cold (right hand)
 D - an amulet of regeneration
 F - an amulet of regeneration (around neck)
 G - a +4 ring of evasion (left hand)
 H - an amulet of magic regeneration
 T - a +4 ring of evasion
Wands
 d - a wand of flame (14)
 u - a wand of charming (20)
 B - a wand of iceblast (14)
 N - a wand of mindburst (3)
 O - a wand of digging (3)
Scrolls
 b - 3 scrolls of immolation
 g - 4 scrolls of amnesia
 k - 2 scrolls of magic mapping {unknown}
 l - 8 scrolls of teleportation
 o - 2 scrolls of poison {unknown}
 p - 3 scrolls of silence {unknown}
 r - a scroll of brand weapon
 w - a scroll of enchant armour
 y - 3 scrolls of noise {unknown}
 z - 2 scrolls of fear
 A - 2 scrolls of blinking
 I - 2 scrolls of enchant weapon {unknown}
 K - a scroll of fog {unknown}
Potions
 e - 9 potions of curing
 f - 6 potions of heal wounds
 q - 2 potions of flight
 s - a potion of haste
 t - 6 potions of attraction
 J - 2 potions of mutation
 M - a potion of cancellation
 P - a potion of berserk rage {unknown}
 Q - a potion of brilliance {unknown}
 S - a potion of might {unknown}
 V - 2 potions of resistance
Miscellaneous
 c - a piece from Xom's chessboard (6/15) (quivered)


   Skills:
 + Level 14.1 Fighting
 + Level 13.0 Axes
 - Level 10.4 Armour
 * Level 8.0 Dodging
 - Level 4.0 Shields


You had 10 spell levels left.
You didn't know any spells.
Your spell library contained the following spells:

 Spells                   Type           Power      Damage    Failure   Level
 Apportation              Tloc           0%         N/A       80%         1
 Necrotise                Necr           0%         1d4       80%         1
 Sting                    Tmut/Pois      0%         1d3       80%         1
 Summon Small Mammal      Summ           0%         N/A       80%         1
 Passwall                 Tmut/Erth      0%         N/A       89%         2
 Portal Projectile        Hex/Tloc       0%         N/A       98%         3
 Tukima's Dance           Hex            0%         N/A       98%         3
 Vampiric Draining        Necr           0%         2d6       98%         3
 Anguish                  Hex/Necr       0%         N/A       100%        4
 Animate Dead             Necr           0%         N/A       100%        4
 Agony                    Necr           0%         N/A       100%        5
 Blade Hands              Tmut           0%         N/A       100%        5
 Enfeeble                 Hex            0%         N/A       100%        7
 Haunt                    Necr/Summ      0%         N/A       100%        7
 Ignition                 Fire           0%         3d3       100%        8
 Infestation              Necr           0%         N/A       100%        8
 Fire Storm               Conj/Fire      0%         5d1       100%        9


Dungeon Overview and Level Annotations

Branches:
Dungeon (10/15)            Temple (1/1) D:5            Lair (3/5) D:10
 Shoals (0/4) Lair:2        Snake (0/4) Lair:2
    Orc: D:9-12

Altars:
Ashenzari
Cheibriados
Dithmenos
Elyvilon
Fedhas
Gozag
Hepliaklqana
Kikubaaqudgha
Makhleb
Nemelex Xobeh
Okawaru
Qazlal
Ru
Sif Muna
Trog
Uskayaw
Vehumet
Wu Jian
Xom
Yredelemnul
Zin
The Shining One

Shops:
D:1 ?!   D:5 ?   D:6 (:=

Annotations:
D:9 3 runed translucent doors, TheSexyCheese's ghost, journeyman TrFi
Lair:2 exclusion: downstairs


Innate Abilities, Weirdness & Mutations

You have a pair of horns on your head.
You reflexively headbutt those who attack you in melee.
You have sharp toenails.
You are agile. (Dex +4, Str/Int -1)
You are frail. (-10% HP)
You heal very quickly.
You are covered in fur. (AC +1)
Your muscles are strong. (Str +4, Int/Dex -1)
Your spells are harder to cast, but more powerful.
You expend magic power (3 MP) to strengthen your wands.


Message History

Your chaos spawn dies!
Your chaos spawn degenerates into a cloud of primal chaos!
You block the seven-headed hydra's attack. x2
You have turned to stone.
You stop ascending the stairs.
The seven-headed hydra is no longer moving slowly.
The seven-headed hydra bites you! x4; The seven-headed hydra bites you.
The seven-headed hydra bites you! The seven-headed hydra bites you.
The seven-headed hydra bites you! x3
The seven-headed hydra bites you but does no damage.
The seven-headed hydra barely misses you.
The seven-headed hydra bites you! x2
The seven-headed hydra completely misses you.
The seven-headed hydra bites you but does no damage.
The seven-headed hydra bites you! x2; The seven-headed hydra bites you!!
* * * LOW HITPOINT WARNING * * *
The seven-headed hydra bites you but does no damage.
The seven-headed hydra bites you.
* * * LOW HITPOINT WARNING * * *
The basilisk gazes at you.
The seven-headed hydra barely misses you.
The seven-headed hydra bites you but does no damage. x2
The seven-headed hydra bites you.
* * * LOW HITPOINT WARNING * * *
The seven-headed hydra bites you but does no damage.
The seven-headed hydra bites you!
* * * LOW HITPOINT WARNING * * *
The seven-headed hydra bites you but does no damage.
The basilisk bites you.
* * * LOW HITPOINT WARNING * * *
You emit a cloud of colourful smoke!
The seven-headed hydra bites you. x2
* * * LOW HITPOINT WARNING * * *
The seven-headed hydra bites you!!
* * * LOW HITPOINT WARNING * * *
The seven-headed hydra bites you but does no damage. x2
The seven-headed hydra bites you.
* * * LOW HITPOINT WARNING * * *
The seven-headed hydra bites you!
You die...
Xom cackles wildly!

#.. #..
##.#
..#
..##
#..
#§##
#@§#
#Dl#
#..##
#..##
#...
.....
.^....
#......
#.(....


You could see a seven-headed hydra (strong) and a basilisk.

Vanquished Creatures
  A boulder beetle (Lair:2)
  2 hydras
  A two-headed ogre (D:10)
  Urug (Lair:2)
  A swamp dragon (Lair:1)
  Maurice (D:8)
  An elephant (Lair:2)
  A black mamba (Lair:1)
  2 cane toads
  An anaconda simulacrum (Lair:2)
  A komodo dragon (Lair:2)
  A hornet (D:8)
  A troll (D:10)
  22 yaks
  6 wyverns
  2 basilisks
  3 acid dragons
  Edmund (D:6)
  4 water moccasins
  A hydra simulacrum (Lair:2)
  Duvessa (D:5)
  A black bear (D:4)
  A swamp drake (D:10)
  An orc warrior (D:10)
  2 ice beasts
  A sky beast (D:7)
  3 ogres
  2 centaurs
  3 kobold brigands
  2 phantoms
  3 bullfrogs
  2 gnoll sergeants
  2 necrophages (D:5)
  2 scorpions
  A cane toad simulacrum (Lair:2)
  3 killer bees (D:6)
  2 howler monkeys (D:7)
  2 electric eels (Lair:1)
  6 jellies
  A hound (D:6)
  A water moccasin simulacrum (Lair:2)
  7 iguanas
  5 orc wizards
  Terence (D:3)
  A bullfrog simulacrum (Lair:2)
  14 gnolls
  4 adders
  2 white imps
  A worm (D:3)
  5 dart slugs
  18 orcs
  4 bats
  9 endoplasms
  4 giant cockroaches
  8 goblins
  7 hobgoblins
  11 jackals
  4 quokkas
  9 ball pythons
  3 frilled lizards
  12 kobolds
  5 rats
230 creatures vanquished.

Vanquished Creatures (collateral kills)
  A hornet (D:5)
  A black bear (D:5)
  Dowan (D:5)
  3 gnolls (D:5)
6 creatures vanquished.

Vanquished Creatures (others)
  A dancing weapon (D:5)
  3 fungi
  16 plants
20 creatures vanquished.

Grand Total: 256 creatures vanquished

Notes
Turn   | Place    | Note
-------+----------+-------------------------------------------
     0 | D:1      | tardwrangler69 the Minotaur Chaos Knight began the quest
                  | for the Orb.
     0 | D:1      | Reached XP level 1. HP: 19/19 MP: 0/0
    57 | D:1      | Reached XP level 2. HP: 25/27 MP: 1/1
    88 | D:1      | XOM: silly message
   130 | D:1      | Reached skill level 4 in Fighting
   160 | D:1      | Found Juethruv's Magic Scroll Shoppe.
   310 | D:1      | XOM: polymorph quokka -> goblin
   322 | D:1      | Found a faded altar of an unknown god.
   477 | D:1      | Reached skill level 1 in Shields
   505 | D:1      | Reached XP level 3. HP: 34/34 MP: 2/2
   524 | D:1      | Found Atacwel's Distillery.
   533 | D:1      | Bought a potion of degeneration for 10 gold pieces
   869 | D:1      | XOM: 9-stop teleportation journey
   977 | D:2      | XOM: scenery: summon butterflies
   985 | D:2      | Found a basalt altar of Yredelemnul.
  1240 | D:2      | XOM: god gift: scroll labelled HEGUIL TAAL {god gift}
  1270 | D:2      | XOM: silly message
  1489 | D:2      | XOM: silly message
  1493 | D:2      | Reached XP level 4. HP: 39/41 MP: 3/3
  1589 | D:3      | Noticed an ogre
  1590 | D:3      | Noticed Terence
  1590 | D:3      | XOM: 1-stop teleportation journey
  1753 | D:3      | Reached skill level 5 in Fighting
  1791 | D:3      | XOM: 6-stop teleportation journey
  1920 | D:3      | Killed Terence
  2525 | D:4      | XOM: divination: detect creatures
  2699 | D:4      | Noticed a scorpion
  2703 | D:4      | XOM: potion effect (haste)
  2717 | D:4      | XOM: god gift: wand of charming (4)
  2777 | D:4      | Killed a scorpion
  2778 | D:4      | Reached XP level 5. HP: 38/48 MP: 4/4
  2962 | D:4      | Reached skill level 5 in Axes
  2971 | D:4      | XOM: enchant monster (bad)
  3013 | D:4      | XOM: give mutations
  3013 | D:4      | Gained mutation: Your muscles are strong. (Str +4, Int/Dex
                  | -1) [Xom's grace]
  3013 | D:4      | Gained mutation: You have sharp toenails. [Xom's grace]
  3013 | D:4      | Gained mutation: You are agile. (Dex +4, Str/Int -1) [Xom's
                  | grace]
  3311 | D:4      | XOM: noise
  3318 | D:4      | XOM: summons 2 hostile demons
  3346 | D:4      | XOM: cloud trail
  3524 | D:5      | Entered Level 5 of the Dungeon
  3544 | D:5      | Reached XP level 6. HP: 56/56 MP: 5/5
  3570 | D:5      | Noticed a hornet
  3570 | D:5      | XOM: summons 6 friendly demons
  3577 | D:5      | Killed a hornet
  3578 | D:5      | Reached skill level 6 in Fighting
  3578 | D:5      | Reached XP level 7. HP: 53/63 MP: 6/6
  3663 | D:5      | Found a shimmering blue altar of Sif Muna.
  3727 | D:5      | Noticed Dowan
  3741 | D:5      | Killed Dowan
  3745 | D:5      | Noticed Duvessa
  4052 | D:5      | Found a staircase to the Ecumenical Temple.
  4077 | D:5      | XOM: god gift: 981 gold pieces
  4118 | D:5      | XOM: fog
  4300 | D:1      | Bought a potion of curing for 30 gold pieces
  4300 | D:1      | Bought a potion of heal wounds for 50 gold pieces
  4340 | D:1      | Bought a scroll of fear for 52 gold pieces
  4340 | D:1      | Bought a scroll of teleportation for 39 gold pieces
  4340 | D:1      | Bought a scroll of teleportation for 39 gold pieces
  4340 | D:1      | Bought a scroll of blinking for 97 gold pieces
  4340 | D:1      | Bought a scroll of teleportation for 39 gold pieces
  4340 | D:1      | XOM: scenery: summon butterflies
  4390 | D:4      | XOM: give mutations
  4390 | D:4      | Gained mutation: You have hidden genetic potential. [Xom's
                  | grace]
  4390 | D:4      | Gained mutation: Your muscles are very strong. (Str +8,
                  | Int/Dex -2) [Xom's grace]
  4390 | D:4      | Gained mutation: Your natural rate of healing is unusually
                  | fast. [Xom's grace]
  4390 | D:4      | Gained mutation: You are covered in fur. (AC +1) [Xom's
                  | grace]
  4403 | D:5      | XOM: summons 2 friendly demons
  4412 | D:4      | Reached skill level 5 in Armour
  4412 | D:4      | Reached XP level 8. HP: 64/71 MP: 7/7
  4464 | D:5      | XOM: enchant monster (bad)
  4469 | D:5      | Reached skill level 7 in Fighting
  4495 | D:5      | XOM: draining
  4519 | D:5      | XOM: cast spell 'Summon Cactus Giant'
  4577 | D:5      | Killed Duvessa
  4579 | D:5      | XOM: enchant monster (good)
  4597 | D:5      | Gained mutation: You heal very quickly. [hidden potential]
  4637 | D:5      | Found Egeull's Magic Scroll Shop.
  4641 | D:5      | Bought a scroll of blinking for 97 gold pieces
  4662 | Temple   | Entered the Ecumenical Temple
  4675 | Temple   | XOM: noise
  4711 | Temple   | XOM: 1-stop teleportation journey
  4884 | D:6      | Found Tuisiera's Jewellery Emporium.
  4902 | D:6      | Noticed Edmund
  4914 | D:6      | Killed Edmund
  4982 | D:6      | Reached skill level 8 in Fighting
  5014 | D:6      | Found Jeacw's Book Shop.
  5155 | D:6      | Reached skill level 10 in Axes
  5155 | D:6      | Reached XP level 9. HP: 80/81 MP: 8/8
  5202 | D:6      | Found Irey's Antique Weapon Shop.
  5355 | D:6      | Found a snail-covered altar of Cheibriados.
  5357 | D:6      | Found a white marble altar of Elyvilon.
  5389 | D:6      | XOM: 1-stop teleportation journey
  5853 | D:7      | XOM: cloud trail
  5918 | D:7      | Reached skill level 9 in Fighting
  5921 | D:7      | XOM: silly message
  5967 | D:7      | XOM: potion effect (might)
  5976 | D:7      | Gained mutation: You expend magic power (3 MP) to
                  | strengthen your wands. [hidden potential]
  5976 | D:7      | Lost mutation: You have hidden genetic potential. [hidden
                  | potential expressed]
  6077 | D:7      | XOM: silly message
  6101 | D:7      | Got the Folio of Transmigration and Kindling
  6109 | D:7      | XOM: silly message
  6513 | D:8      | XOM: enchant monster (bad)
  6545 | D:8      | XOM: divination: detect items
  6588 | D:8      | Reached skill level 10 in Fighting
  6622 | D:8      | Found a bloodstained altar of Trog.
  6633 | D:8      | Paralysed by a hornet for 3 turns
  6722 | D:8      | XOM: scenery: summon butterflies
  6799 | D:8      | Found a shadowy altar of Dithmenos.
  6848 | D:8      | Noticed Maurice
  6904 | D:8      | Killed Maurice
  7020 | D:8      | XOM: summons 1 hostile shadow creature
  7024 | D:8      | XOM: scenery: summon butterflies
  7043 | D:9      | XOM: 1-stop teleportation journey
  7133 | D:9      | XOM: summons friendly white imp
  7145 | D:9      | Reached XP level 10. HP: 94/94 MP: 9/9
  7266 | D:9      | Found a runed translucent gate.
  7267 | D:9      | Found a runed translucent gate.
  7267 | D:9      | Found a runed translucent gate.
  7267 | D:9      | Noticed TheSexyCheese's ghost (journeyman TrFi)
  7322 | D:9      | Reached skill level 11 in Fighting
  7326 | D:9      | Reached skill level 10 in Armour
  7409 | D:9      | XOM: god gift: shortbow {god gift}
  7482 | D:9      | XOM: divination: magic mapping
  7493 | D:9      | XOM: potion effect (brilliance)
  7831 | D:10     | Entered Level 10 of the Dungeon
  7890 | D:10     | XOM is BORED!
  7890 | D:10     | XOM: noise
  7970 | D:10     | XOM: silly message
  7977 | D:10     | XOM: silly message
  8053 | D:10     | Reached skill level 12 in Fighting
  8077 | D:10     | Noticed a two-headed ogre
  8086 | D:10     | Killed a two-headed ogre
  8180 | D:10     | XOM: cloud trail
  8262 | D:10     | XOM: divination: detect items
  8308 | D:10     | Found a staircase to the Lair.
  8531 | D:10     | Found a sparkling altar of Nemelex Xobeh.
  8533 | D:10     | Found a radiant altar of Vehumet.
  8537 | D:10     | Found an ancient bone altar of Kikubaaqudgha.
  8710 | D:10     | XOM: silly message
  8824 | Lair:1   | Entered Level 1 of the Lair of Beasts
  8847 | Lair:1   | Reached skill level 13 in Fighting
  8849 | Lair:1   | Reached XP level 11. HP: 107/107 MP: 10/10
  8915 | Lair:1   | XOM: silly message
  8959 | Lair:1   | XOM: silly message
  8975 | Lair:1   | XOM: cast spell 'Call Canine Familiar'
  8977 | Lair:1   | Noticed a six-headed hydra
  8991 | Lair:1   | Killed a one-headed hydra
  9052 | Lair:1   | XOM: silly message
  9053 | Lair:1   | XOM: potion effect (haste)
  9167 | Lair:1   | XOM is BORED!
  9167 | Lair:1   | XOM: noise
  9182 | Lair:1   | Reached skill level 5 in Dodging
  9305 | Lair:1   | XOM: confuse monster(s)
  9480 | Lair:1   | Noticed a swamp dragon
  9482 | Lair:1   | XOM: divination: detect items
  9487 | Lair:1   | Killed a swamp dragon
  9568 | Lair:2   | Found a staircase to the Shoals.
  9615 | Lair:2   | XOM: noise
  9616 | Lair:2   | Noticed an eight-headed hydra
  9626 | Lair:2   | Killed a three-headed hydra
  9629 | Lair:2   | XOM: enchant monster (bad)
  9715 | Lair:2   | XOM: silly message
  9775 | Lair:2   | Found a transporter.
  9781 | Lair:2   | Noticed a boulder beetle
  9797 | Lair:2   | XOM: divination: magic mapping
  9827 | Lair:2   | Found a transporter.
  9866 | Lair:2   | XOM: noise
  9868 | Lair:2   | XOM: potion effect (might)
  9872 | Lair:2   | Killed a boulder beetle
  9992 | Lair:2   | XOM is BORED!
  9992 | Lair:2   | XOM: silly message
 10023 | Lair:2   | Found a staircase to the Snake Pit.
 10085 | Lair:2   | Noticed Urug
 10089 | Lair:2   | XOM: enchant monster (bad)
 10182 | Lair:2   | XOM: potion effect (curing)
 10195 | Lair:2   | Killed Urug
 10196 | Lair:2   | Reached skill level 14 in Fighting
 10601 | Lair:2   | XOM: scenery: create altars
 10606 | Lair:2   | XOM: enchant monster (good)
 10631 | Lair:2   | XOM is BORED!
 10631 | Lair:2   | XOM: give mutations
 10631 | Lair:2   | Gained mutation: Your spells are a little harder to cast,
                  | but a little more powerful. [Xom's mischief]
 10631 | Lair:2   | Gained mutation: Your spells are harder to cast, but more
                  | powerful. [Xom's mischief]
 10631 | Lair:2   | Gained mutation: You are frail. (-10% HP) [Xom's mischief]
 10631 | Lair:2   | Lost mutation: Your muscles are very strong. (Str +8,
                  | Int/Dex -2) [Xom's mischief]
 10668 | Lair:3   | Noticed an eight-headed hydra
 10672 | Lair:3   | XOM: summons friendly chaos spawn
 10680 | Lair:3   | XOM: smoke on damage
 10681 | Lair:3   | HP: 4/99 [seven-headed hydra (9)]
 10681 | Lair:3   | Slain by a seven-headed hydra

Illustrated notes

Levels and vault maps discovered:
D:1:      scummos_arrival_checkerplants, layout_basic,
          nicolae_ecumenical_snake_handling, serial_shops, shop, shop_statue
D:2:      layout_basic, basic_altar, minmay_misc_feat_diagonals,
          guppyfry_early_lair_pool
D:3:      layout_loops_ring, portal_sewer_entry_a, uniq_terence
D:4:      layout_basic, chequers_big_river, kennysheep_flooded_box
D:5:      cheibrodos_barr_body, layout_rooms, nicolae_overflow_crystal_walls,
          minmay_temple_entry_overgrown, serial_shops, nicolae_shop_trees,
          uniq_duvessa
D:6:      layout_basic, nicolae_overflow_hidden_temple, serial_shops,
          nicolae_shop_hallway_plus, nicolae_shop_statue_plus, shop, hex_large,
          uniq_edmund
D:7:      layout_basic
D:8:      layout_rooms, nicolae_dithmenos_the_darkroom, old_standard_altar,
          chequers_serial_rivers_small_b, uniq_maurice
D:9:      layout_loops_ring, ebering_ghost_rock_garden
D:10:     layout_long_grid, grunt_temple_overflow_diamond, erik_lair_dragon
Temple:   nicolae_temple_bog_church
Lair:1:   layout_chaotic_city, nicolae_quartered_pool_super, hibernation_bobbens
Lair:2:   gammafunk_cloud_chamber, layout_hall_layers, elwin_shoals_entry_rocks,
          guppyfry_snake_entry_island, nzn_sisyphean_effort, uniq_urug
Lair:3:   layout_roguey, chequers_serial_rivers_large_a,
          chequers_serial_rivers_marsh, nicolae_lair_grazing_beasts
          [nicolae_sub_lair_graze_edge, nicolae_sub_lair_graze_edge,
          nicolae_sub_lair_graze_edge, nicolae_sub_lair_graze_edge]

Skill      XL: |  1  2  3  4  5  6  7  8  9 10 11 |
---------------+----------------------------------+-----
Axes           | 4 5 6 8 10 11 13 | 13.0
Fighting       | 4 5 6 8 10 13 14 | 14.1
Shields        | 1 2 3 4 |  4.0
Armour         | 3 5 6 9 10 | 10.4
Dodging        | 2 8 |  8.0

Action                   |  1- 3 |  4- 6 |  7- 9 | 10-12 || total
-------------------------+-------+-------+-------+-------++-------
Melee: Hand axe          |    90 |    95 |    98 |    15 ||   298
       Headbutt          |    10 |    14 |    22 |    58 ||   104
       Flail             |       |       |   102 |   227 ||   329
Evoke: Piece from Xom's  |       |     3 |     7 |    14 ||    24
       Wand              |       |       |     6 |     2 ||     8
  Use: Scroll            |     3 |       |     3 |     6 ||    12
       Potion            |       |       |     2 |     3 ||     5
 Stab: Confused          |       |     1 |     1 |       ||     2
Armor: Leather armour    |    32 |       |       |       ||    32
       Chain mail        |     8 |    32 |    88 |    30 ||   158
       Acid dragon scale |       |       |       |    18 ||    18
       Swamp dragon scal |       |       |       |    44 ||    44
Dodge: Dodged            |    38 |    32 |    60 |   164 ||   294
Block: Buckler           |    15 |    27 |    48 |    79 ||   169
